AoeStats
← FloSnake27

Fortress

511043810Analyzed
1v1 RM · 9h ago on Oct 3, 2026· 42m 6s· 2 players
Game mode
Random Map
Map size
Small (3 player)
Population
200
Speed
Normal
Resources
Standard
Victory
Conquest
Starting age
Dark Age
Ending age
Imperial Age
RankedLock teamsTeams togetherTeam positionsShared explorationLock speedFull tech treeHidden civsTurbo modeCheats
Victory
Defeat
🇨🇭 Britons · Switzerland
729
+17
🇫🇷 Portuguese · France
756
-17
Yuas
9:32 Feudal Age
13:33 Castle Age
12:45 Gold Mining
12:43 Double-Bit Axe
12:41 Horse Collar
15:00 Fletching
19:42 Wheelbarrow
23:18 Loom
23:57 Husbandry
25:57 Ballistics
26:09 Yeomen
26:19 Hand Cart
26:11 Stone Mining
27:57 Murder Holes
29:27 Devotion
29:42 Town Watch
30:36 Forging
30:32 Scale Barding Armor
33:27 Bodkin Arrow
34:08 Iron Casting
37:11 Imperial Age
34:42 Town Patrol
35:10 Chain Barding Armor
35:21 Herbal Medicine
37:39 Cavalier
39:23 Blast Furnace
38:59 Plate Barding Armor
38:24 Bracer
37:48 Elite Longbowman
39:41 Capped Ram
FloSnake27
1:04 Loom
7:49 Feudal Age
8:21 Double-Bit Axe
8:18 Horse Collar
8:30 Gold Mining
8:23 Man-at-Arms
8:49 Arson
11:06 Town Watch
14:53 Forging
14:45 Scale Mail Armor
14:51 Scale Barding Armor
17:15 Wheelbarrow
21:17 Castle Age
24:44 Fervor
25:14 Town Patrol
27:21 Pikeman
27:47 Gambesons
30:17 Elite Skirmisher
31:04 Thumb Ring
31:25 Bow Saw
31:17 Heavy Plow
38:11 Imperial Age
36:31 Hand Cart
37:05 Heated Shot
37:12 Murder Holes
37:29 Fortified Wall
37:01 Treadmill Crane
39:43 Block Printing
39:35 Sappers
Connection lost

Rejoining the realm…

Still unreachable

The connection could not be restored.

Session expired

The server has moved on; the page needs a fresh start.